 Dungeon Crawl Stone Soup version 0.25-a0-2-g6559c6c67a (webtiles) character file.

Game seed: 12858189491484672574, levelgen mode: deterministic

696 Conn the Sneak (level 7, -2/64 HPs)
             Began as an Octopode Fire Elementalist on Oct 14, 2019.
             Slain by a scorpion (5 damage)
             ... on level 5 of the Dungeon.
             The game lasted 00:20:32 (5755 turns).

Conn the Sneak (Octopode Fire Elementalist)         Turns: 5755, Time: 00:20:33

Health: -2/64      AC:  1    Str: 12    XL:     7   Next: 64%
Magic:  12/12      EV: 14    Int: 19    God:
Gold:   306        SH:  0    Dex: 13    Spells: 1/12 levels left

rFire    + + .     SeeInvis .   j - +1 short sword
rCold    . . .     Gourm    .   (no shield)
rNeg     . . .     Faith    .   (helmet restricted)
rPois    .         Spirit   .   e - amulet of magic regeneration
rElec    .         Reflect  .   c - ring of stealth
rCorr    .         Harm     .   a - ring of protection from fire
MR       .....                  (no ring)
Stlth    ..........             (no ring)
HPRegen  0.20/turn              (no ring)
MPRegen  0.38/turn              (no ring)
                                (no ring)
                                (no ring)

@: berserking (expiring), very quick
A: almost no armour, stealthy swim, amphibious, 8 rings, constrict 8, tentacle
spike 1, camouflage 1, fire resistance 1, gelatinous body 1
a: no special abilities


You were on level 5 of the Dungeon.
You were not hungry.

You visited 1 branch of the dungeon, and saw 5 of its levels.

You collected 306 gold pieces.

Inventory:

Hand Weapons
 j - a +1 short sword (weapon)
 v - a +3 war axe
 y - a +1 hunting sling of velocity
Missiles
 i - a throwing net (quivered)
 m - 29 sling bullets
Jewellery
 a - a ring of protection from fire (right tentacle)
 c - a ring of stealth (left tentacle)
 e - an amulet of magic regeneration (around mantle)
Scrolls
 f - 4 scrolls of remove curse
 g - 3 scrolls of identify
 h - 3 scrolls of teleportation
 r - a scroll of enchant weapon
Potions
 k - a potion of flight
 n - a potion of curing {unknown}
 p - a potion of brilliance {unknown}
 s - a potion of mutation
 t - a potion of lignification {unknown}
 x - a potion of might {unknown}
Comestibles
 b - 7 rations


   Skills:
 + Level 1.2 Fighting
 + Level 2.6 Short Blades
 + Level 3.4 Dodging
 + Level 6.4 Stealth
 + Level 3.3 Spellcasting
 + Level 2.2 Conjurations
 + Level 0.9 Hexes
 + Level 4.5 Fire Magic
   Level 0.5 Evocations


You had one spell level left.
You knew the following spells:

 Your Spells              Type           Power        Failure   Level  Hunger
a - Flame Tongue          Conj/Fire      ###..        3%          1    None
b - Conjure Flame         Conj/Fire      ###.....     11%         3    ###....
c - Inner Flame           Hex/Fire       ##......     14%         3    ###....
d - Sticky Flame          Conj/Fire      ###.....     36%         4    ####...

Your spell library contained the following spells:

 Spells                   Type           Power        Failure   Level  Hunger
 Throw Flame              Conj/Fire      ###...       5%          2    ##.....
 Fireball                 Conj/Fire      ###.......   71%         5    ######.


Dungeon Overview and Level Annotations

Branches:
Dungeon (5/15)
 Temple: D:4-7

Altars:
Zin

Annotations:
D:5 Grinder


Innate Abilities, Weirdness & Mutations

You cannot wear most types of armour.
You are very stealthy in the water. (Stealth+)
You are amphibious.
You can wear up to eight rings at the same time.
You can use your tentacles to constrict eight enemies at once.
Your skin changes colour to match your surroundings (Stealth+).
Your rubbery body absorbs attacks. (AC +1, EV +1)
One of your tentacles bears a spike.
Your flesh is heat resistant. (rF+)


Message History

You constrict the bullfrog skeleton.
The bullfrog skeleton barely misses you.
The bullfrog skeleton hits you but does no damage.
Okay, then.
You aren't carrying any items that you can evoke.
It was a potion of berserk rage.
A red film seems to cover your vision as you go berserk!
You feel yourself moving faster!
You feel mighty!
You constrict the bullfrog skeleton. The bullfrog skeleton hits you.
* * * LOW HITPOINT WARNING * * *
You hit the bullfrog skeleton.
You pierce the bullfrog skeleton!
You squeeze the bullfrog skeleton.
You destroy the bullfrog skeleton!
You hit the scorpion. You grab the scorpion.
You pierce the scorpion!
The scorpion is severely wounded.
You constrict the scorpion, but do no damage.
You completely miss the scorpion.
The scorpion is severely wounded.
You constrict the scorpion. The scorpion stings you.
You die...

###....#..................
#.........................
#.........................
#(....(...................
#......................
###..#.................
#.....................
#..#.s.....#..........
###..@..#.............
###...#####......... ##..#
#.......... ....
#†.........
#...#...#.......
......##.......
#.....##.......
##..####....... #..
#..[....


You could see a scorpion.

Vanquished Creatures
  An ogre (D:4)
  2 centaurs
  A hound (D:4)
  2 jellies (D:5)
  An orc wizard (D:4)
  An orc priest (D:4)
  A bullfrog skeleton (D:5)
  An iguana (D:5)
  2 worker ants (D:5)
  7 adders
  2 oozes
  An adder zombie (D:5)
  6 worms
  4 dart slugs
  6 leopard geckos
  4 orcs
  7 bats
  8 giant cockroaches
  12 hobgoblins
  10 jackals
  7 kobolds
  2 quokkas (D:4)
  5 frilled lizards
  9 goblins
  A hobgoblin zombie (D:5)
  2 kobold zombies (D:5)
  An orc zombie (D:5)
  6 rats
112 creatures vanquished.

Notes
Turn   | Place    | Note
-------+----------+-------------------------------------------
     0 | D:1      | Conn the Octopode Fire Elementalist began the quest for the
                  | Orb.
     0 | D:1      | Reached XP level 1. HP: 11/11 MP: 3/3
   333 | D:1      | Reached XP level 2. HP: 17/17 MP: 0/5
   570 | D:1      | Reached skill level 3 in Stealth
   721 | D:1      | Reached XP level 3. HP: 21/21 MP: 6/6
  1319 | D:2      | Reached XP level 4. HP: 27/27 MP: 3/7
  2547 | D:3      | You fall into a shaft and drop 1 floor!
  2594 | D:4      | Reached XP level 5. HP: 32/32 MP: 7/9
  2742 | D:4      | Found a glowing silver altar of Zin.
  2931 | D:4      | Reached skill level 4 in Stealth
  3582 | D:3      | Noticed a centaur
  3585 | D:3      | Gained mutation: Your flesh is heat resistant. (rF+)
                  | [potion of mutation]
  3585 | D:3      | Gained mutation: One of your tentacles bears a spike.
                  | [potion of mutation]
  3591 | D:3      | Killed a centaur
  3591 | D:3      | Reached skill level 1 in Short Blades
  3591 | D:3      | Reached XP level 6. HP: 12/37 MP: 10/10
  4488 | D:4      | Reached skill level 1 in Fighting
  4573 | D:3      | Learned a level 3 spell: Conjure Flame
  4577 | D:3      | Learned a level 3 spell: Inner Flame
  4582 | D:3      | Learned a level 4 spell: Sticky Flame
  4605 | D:4      | Reached skill level 5 in Stealth
  4784 | D:4      | Reached XP level 7. HP: 43/43 MP: 7/11
  4953 | D:5      | Entered Level 5 of the Dungeon
  5000 | D:5      | Reached skill level 6 in Stealth
  5362 | D:5      | Noticed Grinder
  5718 | D:5      | Paralysed by Grinder for 3 turns
  5751 | D:5      | HP: 3/64 [bullfrog skeleton (3)]
  5755 | D:5      | Slain by a scorpion

Levels and vault maps discovered:
D:1:      sevenhm_arrival_forest_fort_large_2, layout_loops_ring,
          minmay_pentomino_v4
D:2:      layout_basic
D:3:      layout_loops_cross, kennysheep_potato
D:4:      layout_basic, zin_scriptorium, first_ration, minmay_quadrilaterals
D:5:      layout_cave_pools, minmay_mini_ossuary, uniq_grinder,
          uniq_blork_the_orc

Skill      XL: |  1  2  3  4  5  6  7 |
---------------+----------------------+-----
Stealth        | 3 4 5 6 |  6.4
Fire Magic     | 4 |  4.5
Short Blades   | 1 2 |  2.6
Spellcasting   | 3 |  3.3
Dodging        | 3 |  3.4
Fighting       | 1 |  1.2
Conjurations   | 2 |  2.2
Hexes          | |  0.9
Evocations     | |  0.5

Action                   |  1- 3 |  4- 6 |  7- 9 || total
-------------------------+-------+-------+-------++-------
Melee: Unarmed           |     4 |       |       ||     4
       Tentacles         |     6 |     6 |     4 ||    16
       Dagger            |    11 |       |       ||    11
       Constrict         |     9 |    17 |     9 ||    35
       Short sword       |    18 |    58 |    26 ||   102
       Kick              |       |     4 |     6 ||    10
Throw: Dart              |       |     1 |     2 ||     3
 Cast: Flame Tongue      |    48 |    74 |    21 ||   143
       Conjure Flame     |       |     1 |     1 ||     2
       Inner Flame       |       |       |     3 ||     3
Evoke: Wand              |       |     6 |     2 ||     8
  Use: Potion            |       |     3 |     1 ||     4
       Scroll            |       |     9 |     1 ||    10
 Stab: Sleeping          |     6 |    17 |     4 ||    27
       Paralysed         |       |     3 |       ||     3
       Invisible         |       |       |     1 ||     1
  Eat: Chunk             |     2 |    10 |     2 ||    14
       Ration            |       |       |     1 ||     1
Armor: Skin              |     9 |     5 |     1 ||    15
Dodge: Dodged            |    38 |    46 |    30 ||   114

Table legend:
 A = Non-vault XP
 B = Vault XP
 C = Vault XP percentage of total XP
 D = Non-vault monster count
 E = Vault monster count
 F = Vault count percentage of total count
                 A         B        C        D         E       F
            +---------+---------+-------+---------+---------+-------
      Total |     843 |     152 |  15.3 |     100 |      12 |  10.7
            +---------+---------+-------+---------+---------+-------
        D:1 |      64 |       5 |   7.2 |      29 |       3 |   9.4
        D:2 |      78 |       0 |   0.0 |      28 |       0 |   0.0
        D:3 |     174 |      18 |   9.4 |      17 |       4 |  19.0
        D:4 |     168 |     125 |  42.7 |      13 |       1 |   7.1
        D:5 |     359 |       4 |   1.1 |      13 |       4 |  23.5
            +---------+---------+-------+---------+---------+-------
